Map: Terraform LE (Void)

Players

신세계 - Winner!

  • Race: Zerg Zerg
  • League: Gold

Javert

  • Race: Zerg Zerg
  • League: Gold

VOD

Have the link to the VOD?

Description

Time

  • Played on: Sept. 16, 2015, 10:36 p.m.
  • Length: 8:32
Show
View Real Time Build Order
Export as new Build Order

신세계 Zerg - Winner!

Build Orders: Hatch First 

Get SALT Encoding   

  12  0:01  Drone  
  13  0:08  Drone  
  14  0:20  Drone, Extractor x2  
  13  0:22  Drone  
  16  0:44  Hatchery  
  15  0:59  Spawning Pool  
  14  1:06  Drone, Extractor  
  14  1:10  Drone, Extractor  
  14  1:15  Overlord  
  15  1:33  Drone x2  
  15  1:39  Drone  
  18  1:46  Queen  
  18  1:49  Drone  
  21  1:57  Queen  
  21  1:59  Drone  
  24  2:06  Metabolic Boost  
  24  2:12  Overlord  
  24  2:25  Roach Warren  
  24  2:26  Drone  
  24  2:29  Drone  
  25  2:31  Drone  
  25  2:36  Drone  
  27  2:38  Drone  
  27  2:40  Drone  
  29  2:44  Drone  
  29  2:48  Drone  
  31  2:57  Overlord  
  31  2:58  Drone  
  31  2:59  Drone  
  31  3:00  Drone  
  31  3:04  Drone  
  31  3:05  Drone  
  36  3:10  Overlord  
  36  3:16  Overlord  
  36  3:19  Drone x2  
  38  3:26  Roach x2  
  42  3:28  Roach  
  42  3:31  Roach  
  46  3:36  Overlord  
  46  3:47  Roach  
  48  3:49  Roach  
  48  3:52  Roach  
  48  3:54  Hatchery  
  51  4:01  Drone x4, Extractor  
  51  4:02  Drone, Extractor  
  54  4:04  Drone  
  54  4:09  Extractor  
  54  4:12  Drone x3  
  54  4:13  Drone  
  54  4:15  Drone  
  59  4:24  Evolution Chamber, Drone  
  59  4:25  Evolution Chamber  
  59  4:30  Drone x2  
  59  4:31  Drone  
  61  4:42  Roach x3  
  67  4:47  Lair  
  67  4:49  Overlord x2  
  67  4:54  Zerg Missile Weapons Level 1  
  67  4:58  Zerg Ground Armor Level 1  
  67  5:01  Drone  
  68  5:07  Zergling x4  
  68  5:14  Roach x4  
  72  5:19  Roach  
  68  5:39  Roach x5  
  68  5:40  Roach x4  
  74  5:54  Roach  
  74  5:55  Roach x4  
  74  6:06  Roach  
  74  6:07  Roach x4  
  84  6:17  Overlord  
  84  6:19  Overlord  
  84  6:22  Glial Reconstitution  
  84  6:24  Hatchery  
  83  6:26  Overlord  
  83  6:42  Roach x5  
  83  6:43  Roach x2  
  97  6:50  Overlord  
  97  6:51  Overlord  
  97  6:58  Evolution Chamber  
  96  7:05  Spine Crawler  
  96  7:07  Drone x2  
  97  7:17  Roach  
  97  7:18  Roach x7  
  113  7:29  Overlord  
  113  7:50  Roach x8  
  109  8:06  Roach x6  
  121  8:25  Hatchery  
Show
View Real Time Build Order
Export as new Build Order

Javert Zerg 

Build Orders: Hatch First 

Get SALT Encoding   

  12  0:01  Drone  
  13  0:15  Overlord  
  13  0:18  Drone  
  14  0:33  Drone x2  
  16  0:37  Drone  
  17  0:54  Hatchery  
  16  0:57  Drone  
  16  0:59  Extractor  
  16  1:02  Drone  
  17  1:10  Drone  
  18  1:18  Spawning Pool  
  18  1:23  Drone  
  18  1:31  Drone  
  19  1:42  Drone  
  20  1:52  Drone  
  21  2:09  Roach Warren, Queen x2  
  21  2:12  Metabolic Boost  
  24  2:29  Overlord  
  24  2:31  Drone x4  
  28  2:54  Roach x4  
  36  3:07  Overlord x2  
  36  3:16  Overlord  
  36  3:17  Overlord  
  36  3:26  Queen  
  38  3:27  Queen  
  38  3:28  Baneling Nest  
  38  3:33  Drone x2  
  42  3:34  Drone  
  42  3:39  Drone  
  42  3:40  Drone  
  44  3:46  Drone  
  44  3:47  Drone x2  
  47  3:58  Zergling x4  
  47  3:59  Zergling x6  
  47  4:01  Zergling x2  
  53  4:12  Roach x2  
  57  4:21  Roach x4  
  65  4:31  Overlord  
  65  4:38  Overlord  
  65  4:46  Hatchery  
  65  4:48  Drone x4  
  65  4:50  Baneling  
  65  4:51  Baneling x2  
  68  5:00  Zergling x10  
  67  5:39  Roach  
  67  5:40  Roach x4  
  72  5:53  Zergling x2  
  72  5:54  Zergling x18  
  80  6:04  Overlord  
  80  6:07  Drone  
  80  6:08  Overlord x2  
  81  6:18  Overlord x2  
  81  6:20  Lair  
  81  6:23  Evolution Chamber  
  81  6:25  Extractor  
  79  6:27  Evolution Chamber  
  79  6:28  Roach x2  
  82  6:37  Overlord x2  
  82  6:42  Overlord x2  
  82  6:45  Extractor  
  81  6:48  Drone x9  
  90  7:05  Baneling x6  
  90  7:12  Roach  
  92  7:16  Drone x2  
  92  7:17  Drone x3  
  92  7:21  Extractor  
  92  7:22  Extractor  
  95  7:23  Overlord x2  
  95  7:25  Zergling x12  
  101  7:35  Spine Crawler  
  72  7:53  Roach x8  
Tags
 
Add a new tag
Caveats
  • Supply blocks, unpowered buildings, or Contaminate may cause inaccurate times.
  • Supply counts are checked every 10 seconds.